 BcadrenCrawl: Boulder Brew version 0.06-240-gf756cca71e (webtiles) character file.

Game seed: 244307464209122449, levelgen mode: deterministic

44 gruber the Twirler (level 3, -6/46 HPs) Minotaur Berserker. Began on Aug 13, 2022. Was a Believer of Trog. Mangled by a hobgoblin ... wielding a +0 club (7 damage) ... on level 1 of the Dungeon. The game lasted 00:01:00 (210 turns).

gruber the Twirler (Minotaur Berserker)              Turns: 210, Time: 00:01:01

Health: -6/46      AC:  2    Str: 27    XL:     3 ^: 33
Magic:  2/2        EV: 12    Int:  4    God:    Trog [2* [50]]
Gold:   51         SH:  0    Dex:  9    Spells: 2/2 levels left

rFire    . . .     Slash    x   a - +0 mace
rCold    . . .     Pierce   .   (no weapon)
rNeg     . . .     Bludgeon .   b - +0 animal skin
rCorr    . . .     Vision   .   (helmet restricted)
rPois    .         Gourm    .   (no cloak)
rElec    .         Faith    .   (no gloves)
MR       +....     Spirit   .   (no boots)
HPRegen  0.25/turn Reflect  .   (no amulet)
MPRegen  0.12/turn Harm     .   e - ring of protection from magic Stlth ..........Rnd*Rage +
                                (no ring)

@: berserking, very quick
A: horns, retaliatory headbutt 2, soft flesh
a: Berserk, Trog's Hand, Renounce Religion


You were on level 1 of the Dungeon.
You worshipped Trog.
Trog was pleased with you.
You were not hungry.

You visited 1 branch of the dungeon, and saw 1 of its levels.

You collected 51 gold pieces.

Inventory:

Weapons
 a - a +0 mace (weapon)
Armour
 b - a +0 animal skin (worn)
Jewellery
 e - a ring of protection from magic (left hand)
Scrolls
 d - a scroll of teleportation
 f - a scroll of enchantment
Potions
 g - 2 potions of agility
Comestibles
 c - 3 rations


   Skills:
 - Level 3.6 Fighting
 + Level 5.4 Maces & Staves
 - Level 2.4 Armour
 - Level 2.1 Dodging


You had 2 spell levels left.
You didn't know any spells.
Your spell library was empty.

Dungeon Overview and Level Annotations

Branches:
Dungeon (1/8)

Altars:


Innate Abilities, Weirdness & Mutations

You reflexively attack those that strike you in melee with your horns.
Your soft flesh is weak to deep cuts.
Heavy manmade armour will nullify this weakness. (rSlashing-)
You frequently lose your temper in combat.
This godly rage surpasses even clarity. (*Rage)


Message History

The hobgoblin blocks your attack.
You hit the hobgoblin but do no damage.
The hobgoblin is healthy. (6/6) HP The hobgoblin hits you with a +0 club (9)!
The hobgoblin hits you with a +0 club (5).
* * * LOW HITPOINT WARNING * * *
You are too injured to fight recklessly!
You are too injured to fight recklessly!
You hit the hobgoblin but do no damage. x2
The hobgoblin is healthy. (6/6) HP The hobgoblin hits you with a +0 club (7)!
* * * LOW HITPOINT WARNING * * *
A red film seems to cover your vision as you go berserk!
You feel yourself moving faster!
You feel mighty!
You feel quite a bit more hungry.
The hobgoblin hits you with a +0 club (3).
* * * LOW HITPOINT WARNING * * *
You hit the hobgoblin (5). The hobgoblin blocks your attack.
The hobgoblin is almost dead. (1/6) HP The hobgoblin hits you with a +0 club (7)!
You die...

........... .........
.. #### #....... ...
≈≈≈≈ #...≈.≈# ....
8..≈#...≈>.##.... ##
.#.≈#...≈≈≈...... ##.+
#.8.'..)..g...... ...#
#....@....... ...#
#.†..)....... ...#
#..†..†.##... ...#
###....†....... ..##
####......†....... #.#
#......†.....#####
#.###...##.##.......##
#.....# #.#..##.†...##
...#######.#.##..#.#..#


You could see a hobgoblin.

Vanquished Creatures
  A giant cockroach (D:1)
  2 dart slugs (D:1)
  2 leopard geckos (D:1)
  4 goblins (D:1)
  3 hobgoblins (D:1)
  7 bats (D:1)
  A kobold (D:1)
  4 rats (D:1)
24 creatures vanquished.

Notes
Turn   | Place    | Note
-------+----------+-------------------------------------------
     0 | D:1      | gruber the Minotaur Berserker began the quest for the Orb.
     0 | D:1      | Reached XP level 1. HP: 19/19 MP: 0/0
     9 | D:1      | Reached skill level 4 in Maces & Staves
     9 | D:1      | Reached XP level 2. HP: 18/26 MP: 1/1
    95 | D:1      | Reached skill level 5 in Maces & Staves
   126 | D:1      | Reached XP level 3. HP: 28/31 MP: 2/2
   128 | D:1      | Identified a scroll of acquirement
   204 | D:1      | Reached ** piety under Trog
   209 | D:1      | HP: 1/46 [hobgoblin/+0 club (3)]
   210 | D:1      | Mangled by a hobgoblin

Levels and vault maps discovered:
D:1:      dpeg_arrival_arbitrary_b, layout_rooms, kennysheep_generic_room_10

Skill      XL: |  1  2 |
---------------+-------+-----
Maces & Staves | 4 5 |  5.4
Fighting       | |  3.6
Armour         | |  2.4
Dodging        | |  2.1

Action                   || total
-------------------------++-------
Melee: Mace              ||    33
       Unarmed           ||    20
       Headbutt          ||     7
Invok: Berserk           ||     1
Armor: Animal skin       ||     9
Dodge: Dodged            ||     4
